 Dungeon Crawl Stone Soup version 0.29.1-1-gd02db6906a (webtiles) character file.

Game seed: 13072468778033694378

77 Ashen the Firebug (level 4, 0/31 HPs)
             Began as a Demonspawn Fire Elementalist on Oct 5, 2022.
             Killed from afar by an orc wizard (5 damage)
             ... with a magic dart
             ... on level 4 of the Dungeon.
             The game lasted 00:05:11 (3223 turns).

Ashen the Firebug (Demonspawn Fire Elementalist)    Turns: 3223, Time: 00:05:14

Health: 0/31       AC:  5    Str:  9    XL:     4   Next: 14%
Magic:  4/7        EV: 12    Int: 18    God:
Gold:   209        SH:  0    Dex: 13    Spells: 5/8 levels left

rFire   . . .      SeeInvis .   j - +0 rapier
rCold   . . .      Faith    .   (no shield)
rNeg    . . .      Spirit   .   a - +0 robe
rPois   .          Reflect  .   (no helmet)
rElec   .          Harm     .   m - +0 cloak
rCorr   .          Rampage  .   (no gloves)
Will    .....                   (no boots)
Stlth   +.........              (no amulet)
HPRegen 0.10/turn               (no ring)
MPRegen 0.10/turn               (no ring)

@: confused, invisible
A: slimy green scales 1, demonic touch 2
a: no special abilities


You were on level 4 of the Dungeon.
You visited 1 branch of the dungeon, and saw 4 of its levels.

You collected 209 gold pieces.

Inventory:

Hand Weapons
 j - a +0 rapier (weapon)
Armour
 a - a +0 robe (worn)
 m - a +0 cloak (worn)
Scrolls
 d - a scroll of vulnerability {unknown}
 e - a scroll of blinking {unknown}
 i - a scroll of magic mapping {unknown}
 l - a scroll of amnesia {unknown}
 p - a scroll of identify {unknown}
 q - a scroll of teleportation {unknown}
 r - a scroll of noise {unknown}
 s - a scroll of immolation {unknown}
Potions
 b - a potion of magic
 c - a potion of invisibility
 f - a potion of resistance {unknown}
 g - 3 potions of degeneration {unknown}
 h - 2 potions of flight {unknown}
 k - 2 potions of attraction {unknown}
 n - 2 potions of mutation {unknown}
 o - a potion of curing {unknown}


   Skills:
 + Level 0.9 Fighting
 + Level 2.2 Dodging
 + Level 2.1 Stealth
 * Level 2.5 Spellcasting
 * Level 2.0 Conjurations
 * Level 3.2 Fire Magic


You had 5 spell levels left.
You knew the following spells:

 Your Spells              Type           Power      Damage    Failure   Level
a - Foxfire               Conj/Fire      44%        2x1d6     6%          1
b - Scorch                Fire           28%        2d6       7%          2

Your spell library contained the following spells:

 Spells                   Type           Power      Damage    Failure   Level
 Conjure Flame            Conj/Fire      11%        6-21      17%         3
 Inner Flame              Hex/Fire       8%         N/A       26%         3
 Gell's Gravitas          Tloc           2%         N/A       45%         3
 Lesser Beckoning         Tloc           2%         N/A       45%         3
 Teleport Other           Tloc           2%         N/A       45%         3
 Flame Wave               Conj/Fire      11%        2d6       50%         4
 Shatter                  Erth           1%         3d5*      100%        9


Dungeon Overview and Level Annotations

Branches:
Dungeon (4/15)
 Temple: D:4-7

Altars:

Shops:
D:1 [


Innate Abilities, Weirdness & Mutations

You are partially covered in slimy green scales. (AC +2)
Your touch may inflict irresistible damage on your foes.


Message History

You kill the orc!
Casting: Foxfire (safe; 6% risk of failure)
Confirm with . or Enter, or press ? or * to list all spells.
You conjure some foxfire!
Unknown command.
The foxfire hits something. x2
You hear some strange, mumbled words.
You are confused.
Your magical contamination has completely faded away.
You're too confused to cast spells.
Sorry, you're not good enough to have a special ability.
Something hits you but does no damage.
You bump into the rock wall.
You hear some strange, mumbled words.
You are more confused.
The orc hits you with a +0 hand axe.
You bump into the rock wall.
Something hits you.
You bump into the rock wall.
Something hits you. The orc closely misses you.
You are too confused!
You closely miss the orc. Your touch misses the orc.
Something hits you but does no damage. The orc hits you but does no damage.
The orc hits you with a +0 falchion.
You're too confused to cast spells.
You hit the orc.
The orc is moderately wounded.
The orc hits you with a +0 falchion.
* * * LOW HITPOINT WARNING * * *
You hear some strange, mumbled words.
You are more confused.
The orc hits you but does no damage.
You bump into the rock wall.
The orc hits you with a +0 falchion.
* * * LOW HITPOINT WARNING * * *
Something hits you but does no damage. The orc hits you but does no damage.
It was a potion of invisibility.
You fade into invisibility!
The orc hits you but does no damage. The orc barely misses you.
You hear some strange, mumbled words.
A magic dart appears from out of thin air!
The magic dart hits you.
You die...

J.... #####.....
#.........
#....o....
..####....o....
...........o....
.......#'##
......+..########
#....#..)...J{@#
#....#'###...oo#
#........#.....#
###........#.....+
...........#.....#
...........#.....#
...##'#....#######
...+..#....#
...#..######


You could see 2 orcs and an endoplasm.

Vanquished Creatures
  2 adders (D:3)
  A worm (D:2)
  A dart slug (D:2)
  3 orcs
  9 ball pythons
  2 bats
  2 endoplasms
  6 giant cockroaches
  3 goblins
  6 hobgoblins
  5 kobolds
  A quokka (D:1)
  2 frilled lizards
  4 rats
47 creatures vanquished.

Vanquished Creatures (others)
  114 foxfires
114 creatures vanquished.

Grand Total: 161 creatures vanquished

Notes
Turn   | Place    | Note
-------+----------+-------------------------------------------
     0 | D:1      | Ashen the Demonspawn Fire Elementalist began the quest for
                  | the Orb.
     0 | D:1      | Reached XP level 1. HP: 13/13 MP: 3/3
   129 | D:1      | Gained mutation: You are partially covered in slimy green
                  | scales. (AC +2) [demonic ancestry]
   129 | D:1      | Reached XP level 2. HP: 7/20 MP: 0/5
   463 | D:1      | Found a faded altar of an unknown god.
   774 | D:1      | Found Emmas's Antique Armour Emporium.
   973 | D:2      | Reached skill level 3 in Fire Magic
  1043 | D:2      | Gained mutation: Your touch may inflict minor irresistible
                  | damage on your foes. [demonic ancestry]
  1043 | D:2      | Reached XP level 3. HP: 7/25 MP: 1/6
  1048 | D:1      | Learned a level 2 spell: Scorch
  1375 | D:2      | Got the Precepts of the Solid Map
  2436 | D:3      | Gained mutation: Your touch may inflict irresistible damage
                  | on your foes. [demonic ancestry]
  2436 | D:3      | Reached XP level 4. HP: 31/31 MP: 5/7
  3223 | D:4      | Killed from afar by an orc wizard

Illustrated notes

Levels and vault maps discovered:
D:1:      spicycebolla_arrival_clurvy, layout_rooms, serial_shops,
          nicolae_lakefront_shop, serial_corexii_hall, corexii_hall_statues_x,
          corexii_hall_statues_t, chequers_ecumenical_altar_simple_redux
D:2:      layout_basic
D:3:      layout_loops_ring, serial_aquarium, aquarium_bridge_square
          [aquarium_subvault_bridge, aquarium_subvault_wall,
          aquarium_subvault_window, aquarium_subvault_bridge],
          aquarium_window_fake, aquarium_window_2, aquarium_view_2e,
          aquarium_balcony_double_3, grunt_ministairs_11,
          hangedman_decor_diamond_cutter, corexii_item_surrounded_by_moat,
          minivault_5
D:4:      kennysheep_the_goblin_king, layout_gridville,
          mainiacjoe_overflow_alcove_4, temple_fountains, minmay_quadrilaterals

Skill      XL: |  1  2  3  4 |
---------------+-------------+-----
Stealth        | 2 |  2.1
Fire Magic     | 3 |  3.2
Dodging        | 2 |  2.2
Conjurations   | 2 |  2.0
Fighting       | |  0.9
Spellcasting   | |  2.5

Action                   |  1- 3 |  4- 6 || total
-------------------------+-------+-------++-------
Melee: Unarmed           |    43 |       ||    43
       Rapier            |    21 |    10 ||    31
       Touch             |     1 |     2 ||     3
 Cast: Foxfire           |    55 |    12 ||    67
       Scorch            |     1 |       ||     1
  Use: Potion            |       |     1 ||     1
 Stab: Sleeping          |     4 |       ||     4
Armor: Robe              |    18 |    11 ||    29
Dodge: Dodged            |    58 |    10 ||    68
